 Dungeon Crawl Stone Soup version 0.18.1-8-gdd0e5ea (webtiles) character file.

106851 Kri the Thaumaturge (level 16, -6/96 HPs)
             Began as a Gargoyle Earth Elementalist on May 22, 2016.
             Was the Champion of Vehumet.
             Killed from afar by an orc sorcerer (24 damage)
             ... with a bolt of fire
             ... led by an orc warlord
             ... on level 2 of the Orcish Mines.
             The game lasted 02:13:50 (37803 turns).

Kri the Thaumaturge (Gargoyle Earth Elementalist)  Turns: 37803, Time: 02:13:51

Health: -6/96      AC: 31    Str: 15    XL:     16   Next: 45%
Magic:  12/33      EV: 16    Int: 25    God:    Vehumet [******]
Gold:   1270       SH: 12    Dex: 13    Spells: 10 memorised, 2 levels left

rFire  . . .     SeeInvis .     t - +9 short sword (elec)
rCold  . . .     Gourm    .     W - +1 robe "Yqanan" {Dex+3}
rNeg   + . .     Faith    .     X - +2 buckler
rPois  ∞         Spirit   .     u - +2 helmet
rElec  +         Dismiss  .     G - +2 cloak
rCorr  .         Reflect  +     o - +2 pair of gloves
SustAt +         Harm     .     J - +1 pair of boots
MR     ++++.     NoTele   +     w - +5 amulet of reflection
Stlth  ++........               K - ring of Miykuar {SustAt -Tele MR+++ Slay+2}
                                m - +5 ring of intelligence

@: flying, incredibly resistant to hostile enchantments, unstealthy
A: big wings, iridescent scales 1, negative energy resistance 1, electricity
resistance, unbreathing, petrification resistance, rot immunity, subdued magic
1, AC +11
a: Stop Flying, Renounce Religion


You were on level 2 of the Orcish Mines.
You worshipped Vehumet.
Vehumet was exalted by your worship.
You were not hungry.

You visited 4 branches of the dungeon, and saw 26 of its levels.
You visited 1 bazaar.

You collected 1784 gold pieces.
You spent 514 gold pieces at shops.

Inventory:

Hand Weapons
 t - a +9 short sword of electrocution (weapon)
 M - a +5 demon whip
 U - a +0 demon whip of draining
Missiles
 b - 588 stones (quivered)
Armour
 e - a +1 robe of cold resistance
 o - a +2 pair of gloves (worn)
 u - a +2 helmet (worn)
 G - a +2 cloak (worn)
 J - a +1 pair of boots (worn)
 W - the +1 robe "Yqanan" (worn) {Dex+3}
   (You found it on level 5 of the Lair of Beasts)

   It affects your dexterity (+3).
 X - a +2 buckler (worn)
Magical Staves
 I - an uncursed staff of wizardry
Jewellery
 a - a +5 ring of protection
 m - a +5 ring of intelligence (left hand)
 w - a +5 amulet of reflection (around neck)
 K - the ring of Miykuar (right hand) {SustAt -Tele MR+++ Slay+2}
   (You bought it in a shop in a bazaar)

   [ring of sustain attributes]

   It sustains your strength, intelligence and dexterity.
   It affects your accuracy and damage with ranged weapons and melee attacks
   (+2).
   It affects your resistance to hostile enchantments.
   It prevents most forms of teleportation.
 L - an uncursed amulet of regeneration
 Q - an uncursed ring of magical power
 S - an uncursed ring of see invisible
Wands
 h - a wand of iceblast (10/15)
 l - a wand of random effects (12/48)
 N - a wand of acid (5/15)
 P - a wand of paralysis (13/24)
 T - a wand of lightning (7/15)
 Y - a wand of acid (8/15)
 Z - a wand of lightning (4/15)
Scrolls
 g - 4 scrolls of fear
 q - 5 scrolls of magic mapping
 s - 2 scrolls of amnesia
 x - 6 scrolls of teleportation
 y - a scroll of identify
 z - 4 scrolls of blinking
 E - 10 scrolls of remove curse
 H - a scroll of holy word
Potions
 k - a potion of agility
 n - 2 potions of ambrosia
 v - 7 potions of lignification
 B - 6 potions of curing
 D - a potion of brilliance
Books
 c - a book of Burglary

   Spells                             Type                      Level
   a - Swiftness                      Charms/Air                   2
   b - Passwall                       Transmutation/Earth          2
   c - Passage of Golubria            Translocation                4
   d - Lee's Rapid Deconstruction     Earth                        5
   e - Darkness                       Hexes                        6
   f - Invisibility                   Hexes                        6
Miscellaneous
 p - a disc of storms
Comestibles
 d - 19 bread rations
 i - a slice of pizza
 j - 13 meat rations
 r - a chunk of flesh


   Skills:
 + Level 9.5 Fighting
 + Level 8.8 Maces & Flails
 + Level 9.0 Armour
 + Level 7.6 Dodging
 - Level 2.1 Stealth
 - Level 4.0 Shields
 * Level 13.5 Spellcasting
 + Level 11.2 Conjurations
   Level 0.7 Transmutations
 * Level 11.5 Fire Magic
 + Level 12.3 Earth Magic


You had 2 spell levels left.
You knew the following spells:

 Your Spells              Type           Power        Failure   Level  Hunger
a - Sandblast             Erth           ######       0%          1    None
b - Stone Arrow           Conj/Erth      ######       1%          3    None
c - Lee's Rapid Deconstr  Erth           ######....   1%          5    ###....
d - Fireball              Conj/Fire      ######....   1%          5    ###....
e - Throw Icicle          Conj/Ice       ####....     1%          4    None
f - Apportation           Tloc           ##........   3%          1    None
g - Iron Shot             Conj/Erth      ######....   1%          6    #####..
h - Regeneration          Chrm/Necr      ##........   10%         3    None
i - Bolt of Cold          Conj/Ice       ####......   16%         6    #####..
j - Freezing Cloud        Conj/Ice/Air   ####......   45%         6    #####..


Dungeon Overview and Level Annotations

Branches:
Dungeon (15/15)            Temple (1/1) D:7            Lair (8/8) D:9
 Shoals (0/4) Lair:5       Spider (0/4) Lair:3        Slime (0/6) Lair:6
    Orc (2/2) D:12         Vaults (0/5) D:14         Depths (0/5) D:15
    Elf: Orc:2

Altars:
Ashenzari
Cheibriados
Dithmenos
Elyvilon
Fedhas
Gozag
Kikubaaqudgha
Makhleb
Nemelex Xobeh
Okawaru
Pakellas
Qazlal
Ru
Sif Muna
Trog
Vehumet
Xom
Yredelemnul
Zin
The Shining One
Jiyva
Lugonu

Portals:
Trove: D:13 (give 2 scrolls of acquirement)

Annotations:
D:4 exclusion: oklob plant


Innate Abilities, Weirdness & Mutations

You are resistant to torment.
Your stone body is resilient (AC +11).
You are immune to poison.
Your large and strong wings let you fly indefinitely.
You resist negative energy.
You are resistant to electric shocks.
You can survive without breathing.
You are immune to petrification.
You are immune to rotting.
You are partially covered in iridescent scales (AC +4).
Your spells are a little easier to cast, but a little less powerful.


Message History

Aiming: Iron Shot
Press: ? - help, Shift-Dir - straight line, f - orange demon
Aim: an orange demon (summoned)
The iron shot hits the orange demon.
The orange demon is severely wounded.
Read which item? (? for menu, Esc to quit)
As you read the scroll of immolation, it crumbles to dust.
The creatures around you are filled with an inner flame!
The orange demon stings you but does no damage.
The orc sorcerer gestures at you while chanting.
You resist with almost no effort.
Casting: Iron Shot
Confirm with . or Enter, or press ? or * to list all spells.
Aiming: Iron Shot
Press: ? - help, Shift-Dir - straight line, f - orc, p - orange demon
Aim: an orc (inner flame)
The iron shot misses the orc.
The orange demon barely misses you.
The orc sorcerer points at you and mumbles some strange words.
The bolt of fire hits you!
You die...

....%..§§o..##
........)%%..##
.......o.[)...#
........).)..# ##
..#.....)o...##..
...)...())§.%....
..)...)4o)§......
....).)o§§.......
......%%%@§.....%
....%.........%..
#.%..............
##...............
##...#.....#.#..
###############


You could see an orange demon, 2 orc sorcerers and 2 orcs.

Vanquished Creatures
  Maud (Lair:6)
  An orc warlord (Orc:2)
  Snorg (Lair:6)
  A fire dragon (D:15)
  4 hydras
  An ice dragon (D:15)
  3 catoblepae (Lair:8)
  An ogre mage (D:15)
  2 centaur warriors
  10 death yaks (Lair:8)
  Urug (Lair:4)
  8 hell knights (D:12)
  5 skeletal warriors (D:15)
  6 unseen horrors
  The ghost of Kri the Digger, a novice GrEE of Vehumet (D:7)
  A lindwurm (Lair:8)
  A necromancer (D:12)
  A wizard (D:14)
  4 hill giants
  An orc knight (D:12)
  4 griffons
  An oklob plant (Lair:6)
  3 manticores
  15 ugly things
  2 deep elf magi
  2 cyclopes
  4 centaur zombies
  26 elephants
  Joseph (D:9)
  2 gargoyles (D:14)
  2 torpor snails
  4 black mambas
  14 spiny frogs
  A centaur skeleton (D:14)
  2 rime drakes
  4 kobold demonologists
  A freezing wraith (D:14)
  An efreet (D:14)
  9 komodo dragons
  A tengu conjurer (D:14)
  5 trolls
  9 two-headed ogres
  A polar bear (Lair:6)
  A boulder beetle (Lair:8)
  9 slime creatures
  A two-headed ogre (shapeshifter) (D:14)
  19 blink frogs
  A harpy skeleton (D:15)
  Sigmund (D:5)
  2 shadows
  A tarantella (Lair:3)
  4 wyverns
  71 yaks
  A vampire (D:15)
  Eustachio (D:5)
  A hog (D:7)
  A human (D:7)
  2 wraiths
  4 hungry ghosts
  6 basilisks
  15 hippogriffs
  6 vampire mosquitoes
  A mottled dragon (D:13)
  19 water moccasins
  Duvessa (D:7)
  7 hell hounds (D:12)
  15 porcupines
  5 sky beasts
  2 ice beasts
  15 orc warriors
  A phantom (D:14)
  2 wasps (D:14)
  An eye of draining (D:12)
  3 wolves (Lair:8)
  The ghost of 2d6 the Skirmisher, an amateur HuWn of Ru (D:3)
  15 ogres
  13 centaurs
  14 crocodiles
  5 big kobolds
  24 giant frogs
  A wyvern zombie (D:7)
  Dowan (D:7)
  2 wyvern skeletons
  A water moccasin skeleton (D:9)
  3 scorpions
  12 killer bees
  3 jellies (D:12)
  9 wights
  3 howler monkeys
  5 crimson imps
  A quasit (D:12)
  11 hounds
  13 orc priests
  21 orc wizards
  3 giant frog skeletons
  10 worker ants
  Terence (D:3)
  11 iguanas
  38 sheep
  2 hound skeletons
  Robin (D:2)
  2 howler monkey zombies (D:11)
  A worker ant zombie (D:8)
  19 adders
  6 gnolls
  68 river rats
  2 shadow imps
  An adder zombie (D:6)
  An adder skeleton (D:8)
  3 worms
  2 dart slugs
  8 giant geckos
  50 orcs
  5 ball pythons
  6 bats
  4 giant cockroaches
  18 goblins
  8 hobgoblins
  8 jackals
  18 kobolds
  11 quokkas
  A giant gecko skeleton (D:4)
  6 giant newts
  2 quokka skeletons
  10 rats
  A fungus (Lair:7)
  4 plants
876 creatures vanquished.

Vanquished Creatures (others)
  A wolf spider (D:2)
  3 elephants (Lair:6)
  A slime creature (D:14)
  A sky beast (D:14)
  2 centaurs (D:14)
  A bush (Lair:7)
  55 fungi
  34 plants
98 creatures vanquished.

Grand Total: 974 creatures vanquished

Notes
Turn   | Place    | Note
--------------------------------------------------------------
     0 | D:1      | Kri the Gargoyle Earth Elementalist began the quest for the Orb.
     0 | D:1      | Reached XP level 1. HP: 10/10 MP: 3/3
   183 | D:1      | Reached XP level 2. HP: 15/15 MP: 3/5
  1049 | D:2      | Reached XP level 3. HP: 10/19 MP: 7/7
  1052 | D:2      | Reached skill level 3 in Spellcasting
  1063 | D:2      | Learned a level 3 spell: Stone Arrow
  1382 | D:2      | Found a snail-covered altar of Cheibriados.
  1423 | D:2      | Reached XP level 4. HP: 15/24 MP: 1/9
  1730 | D:2      | Found a sacrificial altar of Ru.
  1791 | D:2      | Noticed Robin
  1794 | D:2      | Reached skill level 1 in Conjurations
  1803 | D:2      | Killed Robin
  2173 | D:2      | Found an oddly glowing altar of Pakellas.
  2173 | D:2      | Noticed a wolf spider
  2194 | D:2      | Killed a wolf spider
  2430 | D:3      | Noticed Terence
  2439 | D:2      | Reached XP level 5. HP: 8/28 MP: 10/10
  2746 | D:3      | Killed Terence
  2746 | D:3      | Reached skill level 4 in Spellcasting
  2894 | D:3      | Found a shadowy altar of Dithmenos.
  3160 | D:3      | Learned a level 5 spell: Lee's Rapid Deconstruction
  3237 | D:3      | Noticed 2d6's ghost (amateur HuWn)
  3270 | D:3      | Killed 2d6's ghost
  3270 | D:3      | Reached skill level 5 in Earth Magic
  3270 | D:3      | Reached XP level 6. HP: 21/32 MP: 2/13
  3429 | D:3      | Found a sparkling altar of Nemelex Xobeh.
  3594 | D:3      | Reached skill level 5 in Spellcasting
  3974 | D:4      | Reached XP level 7. HP: 35/36 MP: 14/14
  4052 | D:4      | Found a glowing golden altar of the Shining One.
  4250 | D:4      | Found a blossoming altar of Fedhas.
  4269 | D:4      | Noticed an oklob plant
  4573 | D:5      | Entered Level 5 of the Dungeon
  4963 | D:5      | Noticed Eustachio
  4972 | D:5      | Killed Eustachio
  4972 | D:5      | Reached skill level 6 in Spellcasting
  5200 | D:5      | Found a glowing golden altar of the Shining One.
  5228 | D:5      | Noticed Sigmund
  5233 | D:5      | Killed Sigmund
  5233 | D:5      | Reached XP level 8. HP: 41/41 MP: 1/17
  5387 | D:5      | Found a burning altar of Makhleb.
  5432 | D:5      | Found an oddly glowing altar of Pakellas.
  6286 | D:6      | Found a radiant altar of Vehumet.
  6287 | D:6      | Found a basalt altar of Yredelemnul.
  6295 | D:6      | Became a worshipper of Vehumet
  6339 | D:6      | Reached skill level 7 in Spellcasting
  6559 | D:6      | Reached skill level 5 in Conjurations
  6730 | D:6      | Found a glowing silver altar of Zin.
  6856 | D:6      | Reached XP level 9. HP: 25/45 MP: 20/20
  7316 | D:6      | Reached skill level 8 in Spellcasting
  7646 | D:6      | Reached * piety under Vehumet
  7646 | D:6      | Offered knowledge of Magic Dart by Vehumet.
  7884 | D:7      | Noticed Duvessa
  7886 | D:7      | Noticed Dowan
  7888 | D:7      | Killed Duvessa
  7888 | D:7      | Killed Dowan
  7971 | D:7      | Noticed Kri's ghost (novice GrEE)
  7985 | D:7      | Reached skill level 1 in Fighting
  7985 | D:7      | Reached skill level 1 in Maces & Flails
  7985 | D:7      | Reached skill level 1 in Armour
  8425 | D:7      | Found a staircase to the Ecumenical Temple.
  8442 | Temple   | Entered the Ecumenical Temple
  8612 | D:7      | Killed Kri's ghost
  8907 | D:7      | Reached XP level 10. HP: 51/54 MP: 22/22
  9128 | D:7      | Found a white marble altar of Elyvilon.
  9382 | D:8      | Offered knowledge of Flame Tongue by Vehumet.
  9517 | D:8      | Gained mutation: You are partially covered in iridescent scales (AC +4). [potion of beneficial mutation]
  9568 | D:8      | Reached ** piety under Vehumet
  9620 | D:8      | Reached skill level 9 in Spellcasting
 10193 | D:8      | Found an iron altar of Okawaru.
 10364 | D:9      | Found an opulent altar of Gozag.
 10641 | D:9      | Noticed Joseph
 10864 | D:9      | Killed Joseph
 11042 | D:9      | Found a staircase to the Lair.
 11142 | D:9      | Learned a level 5 spell: Fireball
 11436 | D:9      | Offered knowledge of Static Discharge by Vehumet.
 11659 | Lair:1   | Entered Level 1 of the Lair of Beasts
 11665 | Lair:1   | Reached skill level 1 in Fire Magic
 11681 | Lair:1   | Noticed a spiny frog
 11688 | Lair:1   | Killed a spiny frog
 11835 | Lair:1   | Learned a level 4 spell: Throw Icicle
 11836 | Lair:1   | Noticed a spiny frog
 11847 | Lair:1   | Killed a spiny frog
 12030 | Lair:1   | Noticed a spiny frog
 12035 | Lair:1   | Killed a spiny frog
 12035 | Lair:1   | Reached XP level 11. HP: 60/60 MP: 15/24
 13211 | Lair:2   | Reached skill level 10 in Spellcasting
 13221 | Lair:2   | Reached *** piety under Vehumet
 13271 | Lair:2   | Reached skill level 5 in Armour
 14220 | Lair:2   | Offered knowledge of Dazzling Spray by Vehumet.
 14423 | Lair:2   | Reached skill level 5 in Fighting
 14751 | Lair:2   | Reached **** piety under Vehumet
 14894 | Lair:3   | Offered knowledge of Iskenderun's Battlesphere by Vehumet.
 15008 | Lair:3   | Found a hole to the Spider Nest.
 15134 | Lair:3   | Reached skill level 5 in Fire Magic
 15174 | Lair:3   | Reached XP level 12. HP: 68/68 MP: 20/26
 16006 | Lair:4   | Noticed a six-headed hydra
 16014 | Lair:4   | Killed a six-headed hydra
 16117 | Lair:4   | Reached ***** piety under Vehumet
 16150 | Lair:4   | Offered knowledge of Force Lance by Vehumet.
 16155 | Lair:4   | Reached skill level 5 in Maces & Flails
 16599 | Lair:4   | Noticed Urug
 16608 | Lair:4   | Killed Urug
 16921 | Lair:4   | Reached skill level 5 in Dodging
 16921 | Lair:4   | Reached skill level 10 in Earth Magic
 16933 | Lair:4   | Reached skill level 1 in Shields
 17241 | Lair:5   | Got a sheer robe
 17252 | Lair:5   | Identified the +1 robe "Yqanan" {Dex+3} (You found it on level 5 of the Lair of Beasts)
 17509 | Lair:5   | Learned a level 1 spell: Apportation
 17535 | Lair:5   | Reached skill level 11 in Spellcasting
 17596 | Lair:5   | Found a staircase to the Shoals.
 18350 | Lair:5   | Noticed a four-headed hydra
 18355 | Lair:5   | Killed a four-headed hydra
 18440 | Lair:6   | Noticed Snorg
 18449 | Lair:6   | Killed Snorg
 18449 | Lair:6   | Reached XP level 13. HP: 74/74 MP: 4/28
 18701 | Lair:6   | Found a blossoming altar of Fedhas.
 19535 | Lair:6   | Offered knowledge of Iron Shot by Vehumet.
 19536 | Lair:6   | Noticed Maud
 19786 | Lair:6   | Found a viscous altar of Jiyva.
 19786 | Lair:6   | Found a staircase to the Slime Pits.
 19953 | Lair:6   | Learned a level 6 spell: Iron Shot
 20183 | Lair:6   | Killed Maud
 20821 | Lair:7   | Got a diamond-encrusted plate armour
 20843 | Lair:7   | Got a vibrating jade amulet
 21547 | Lair:7   | Got a wizard robe
 21572 | Lair:7   | Identified the cursed -5 robe of Misfortune {-Cast *Contam *Tele EV-4 Str-2 Int-2 Dex-2 Stlth-- *Curse} (You found it on level 7 of the Lair of Beasts)
 21612 | Lair:7   | Gained mutation: Your spells are a little easier to cast, but a little less powerful. [mutagenic glow]
 22048 | Lair:7   | Gained mutation: Your large and strong wings let you fly indefinitely. [Gargoyle growth]
 22048 | Lair:7   | Reached XP level 14. HP: 63/82 MP: 29/29
 22164 | Lair:7   | Reached skill level 12 in Spellcasting
 22223 | Lair:7   | Offered knowledge of Delayed Fireball by Vehumet.
 22704 | Lair:8   | Entered Level 8 of the Lair of Beasts
 22779 | Lair:8   | Identified the amulet of the Barracuda {rElec Regen+ Int-3 Dex-4 SInv} (You found it on level 7 of the Lair of Beasts)
 23441 | Lair:8   | Reached skill level 10 in Conjurations
 25411 | Lair:8   | Identified the Reference Book on Supportive Transmigration
 25755 | Lair:2   | Learned a level 3 spell: Regeneration
 25776 | Lair:2   | Identified the cursed +1 plate armour "Wutsidut" {rF+ Str+3 Int+4 Stlth+} (You found it on level 7 of the Lair of Beasts)
 25851 | D:10     | Entered Level 10 of the Dungeon
 26517 | D:10     | Reached XP level 15. HP: 70/88 MP: 22/31
 26535 | D:10     | Reached skill level 10 in Fire Magic
 27000 | D:11     | Offered knowledge of Ozocubu's Refrigeration by Vehumet.
 27043 | D:11     | Found a flickering gateway to a bazaar.
 27056 | Bazaar   | Entered a bazaar
 27056 | Bazaar   | Found Nufusch's Distillery.
 27061 | Bazaar   | Found Kuwum's General Store.
 27087 | Bazaar   | Found Adafooga's Jewellery Shop.
 27127 | Bazaar   | Found Waittoru's Assorted Antiques.
 27145 | Bazaar   | Bought a scroll of identify for 26 gold pieces
 27145 | Bazaar   | Bought 2 scrolls labeled ZAN CIOCUOFU for 26 gold pieces
 27186 | Bazaar   | Bought the ring of Miykuar {SustAt -Tele MR+++ Slay+2} for 462 gold pieces
 29707 | D:12     | Found a staircase to the Orcish Mines.
 30479 | D:13     | Found a portal to a secret trove of treasure.
 31057 | D:13     | Reached ****** piety under Vehumet
 31833 | D:13     | Reached skill level 13 in Spellcasting
 31997 | D:14     | Found a gate to the Vaults.
 32298 | D:14     | Offered knowledge of Bolt of Cold by Vehumet.
 32309 | D:14     | Learned a level 6 spell: Bolt of Cold
 33338 | D:14     | Found a shattered altar of Ashenzari.
 34926 | D:15     | Entered Level 15 of the Dungeon
 35065 | D:15     | Reached XP level 16. HP: 53/96 MP: 33/33
 35338 | D:15     | Found a staircase to the Depths.
 37604 | Orc:1    | Entered Level 1 of the Orcish Mines
 37615 | Orc:1    | Offered knowledge of Freezing Cloud by Vehumet.
 37629 | Orc:1    | Learned a level 6 spell: Freezing Cloud
 37763 | Orc:2    | Entered Level 2 of the Orcish Mines
 37803 | Orc:2    | Killed from afar by an orc sorcerer

Skill      XL: |  1  2  3  4  5  6  7  8  9 10 11 12 13 14 15 16 |
---------------+-------------------------------------------------+-----
Spellcasting   | 3 4 5 6 7 8 9 10 11 12 13 | 13.5
Earth Magic    | 4 5 6 7 8 9 10 11 12 | 12.3
Conjurations   | 1 2 3 4 5 6 7 8 9 10 11 | 11.2
Fighting       | 2 3 5 6 7 8 9 |  9.5
Maces & Flails | 2 3 4 5 6 7 8 |  8.8
Armour         | 2 4 5 6 7 8 9 |  9.0
Dodging        | 2 3 4 5 6 7 |  7.6
Fire Magic     | 2 5 6 8 9 11 | 11.5
Shields        | 2 4 |  4.0
Stealth        | |  2.1
Transmutations | |  0.7

Action                   |  1- 3 |  4- 6 |  7- 9 | 10-12 | 13-15 | 16-18 || total
-------------------------+-------+-------+-------+-------+-------+-------++-------
Melee: Club              |   152 |    27 |       |       |       |       ||   179
       Dagger            |       |    60 |       |       |       |       ||    60
       Short sword       |       |   108 |   269 |   820 |  1596 |   239 ||  3032
       Rapier            |       |       |       |    13 |       |       ||    13
 Cast: Sandblast         |    32 |    22 |       |     1 |       |       ||    55
       Stone Arrow       |       |     6 |    49 |   130 |    93 |     4 ||   282
       Lee's Rapid Decon |       |       |     2 |     2 |    52 |     6 ||    62
       Throw Icicle      |       |       |       |     7 |       |       ||     7
       Fireball          |       |       |       |     4 |    10 |     3 ||    17
       Iron Shot         |       |       |       |       |    63 |    18 ||    81
       Regeneration      |       |       |       |       |     1 |       ||     1
 Abil: Fly               |       |       |       |       |     1 |       ||     1
Evoke: Wand              |       |       |       |     2 |     1 |       ||     3
       Disc of storms    |       |       |       |     1 |     1 |       ||     2
  Use: Scroll            |       |     8 |     7 |    18 |    26 |     2 ||    61
       Potion            |       |     1 |     2 |     4 |    14 |     2 ||    23
 Stab: Sleeping          |       |     7 |     3 |     3 |     6 |       ||    19
       Invisible         |       |       |     2 |       |     8 |       ||    10
  Eat: Chunk             |     2 |     9 |    15 |    28 |    51 |    12 ||   117
       Beef jerky        |       |       |     1 |       |     3 |       ||     4
       Fruit             |       |       |       |     5 |    10 |       ||    15
       Meat ration       |       |       |       |       |     1 |       ||     1
       Royal jelly       |       |       |       |       |     1 |       ||     1
       Pizza             |       |       |       |       |     6 |     2 ||     8
Armor: Robe              |    15 |    79 |   133 |   555 |   797 |   154 ||  1733
       Skin              |       |       |       |       |     5 |       ||     5
Dodge: Dodged            |    36 |   169 |   181 |   713 |  1135 |   172 ||  2406
Block: Buckler           |       |       |       |       |   609 |   167 ||   776
       Reflection        |       |       |       |       |    11 |     4 ||    15
